 Dungeon Crawl Stone Soup version 0.21-a0-552-g593960d (webtiles) character file.

6658 Lavandula the Carver (level 10, -2/70 HPs)
             Began as a Mummy Chaos Knight on Dec 17, 2017.
             Slain by a yak (12 damage)
             ... on level 10 of the Dungeon.
             The game lasted 00:26:50 (10895 turns).

Lavandula the Carver (Mummy Chaos Knight)          Turns: 10895, Time: 00:26:51

Health: -2/70      AC:  8    Str: 16    XL:     10   Next: 73%
Magic:  12/17      EV: 15    Int: 11    God:    Xom [...*..]
Gold:   129        SH:  0    Dex: 15    Spells: 10/18 levels left

rFire    x . .     SeeInvis .   a - +1 falchion (chaos)
rCold    + . .     Gourm    .   (no shield)
rNeg     + + +     Faith    .   x - +1 troll leather armour
rPois    ∞         Spirit   .   (no helmet)
rElec    .         Reflect  .   (no cloak)
rCorr    .         Harm     .   f - +2 pair of gloves
MR       +....                  (no boots)
Stlth    ..........             (no amulet)
HPRegen  0.61/turn              w - ring of wizardry
MPRegen  0.15/turn              q - ring of loudness (curse)

@: very slightly contaminated
A: no food or potions, fire vulnerability, cold resistance 1, negative energy
resistance 3, torment resistance, unbreathing
a: Renounce Religion


You were on level 10 of the Dungeon.
You worshipped Xom.
You were a favourite toy of Xom.
You were not hungry.

You visited 1 branch of the dungeon, and saw 10 of its levels.
You also visited: Ossuary.

You collected 906 gold pieces.
You spent 777 gold pieces at shops.

Inventory:

Hand Weapons
 a - a +1 falchion of chaos (weapon)
 c - a +2 short sword of freezing
Missiles
 k - 8 tomahawks (quivered)
Armour
 b - a +0 scale mail of cold resistance
 f - a +2 pair of gloves (worn)
 j - a +2 scale mail of poison resistance
 l - a +2 leather armour of cold resistance
 x - a +1 troll leather armour (worn)
 y - the +1 ring mail of Pathos {rPois rF++ rC+ Stlth+}
   (You bought it in a shop on level 9 of the Dungeon)

   It greatly protects you from fire.
   It protects you from cold.
   It protects you from poison.
   It makes you more stealthy.
Jewellery
 e - an uncursed ring of fire
 q - a cursed ring of loudness (right hand)
 s - an uncursed ring of poison resistance
 t - an uncursed ring of see invisible
 w - a ring of wizardry (left hand)
 A - a +5 ring of strength
Wands
 i - a wand of digging (10)
 n - a wand of disintegration (1)
 z - a wand of random effects (16)
Scrolls
 d - 2 scrolls of amnesia
 g - 8 scrolls of teleportation
 m - a scroll of fog
 p - a scroll of magic mapping
 r - a scroll of blinking
 u - a scroll of remove curse {unknown}
 B - a scroll of brand weapon {unknown}
Books
 h - a book of Misfortune

   Spells                             Type                      Level
   a - Confusing Touch                Hexes                        1
   b - Confuse                        Hexes                        3
   c - Gell's Gravitas                Translocation                3
   d - Petrify                        Transmutation/Earth          4
   e - Metabolic Englaciation         Hexes/Ice                    5
   f - Yara's Violent Unravelling     Hexes/Transmutation          5
 o - a book of Clouds

   Spells                             Type                      Level
   a - Poisonous Vapours              Poison/Air                   2
   b - Mephitic Cloud                 Conjuration/Poison/Air       3
   c - Conjure Flame                  Conjuration/Fire             3
   d - Freezing Cloud                 Conjuration/Ice/Air          6
   e - Ring of Flames                 Charms/Fire                  7
 v - a book of Geomancy

   Spells                             Type                      Level
   a - Sandblast                      Earth                        1
   b - Passwall                       Transmutation/Earth          2
   c - Stone Arrow                    Conjuration/Earth            3
   d - Petrify                        Transmutation/Earth          4
   e - Lee's Rapid Deconstruction     Earth                        5


   Skills:
 - Level 3.0 Fighting
 + Level 9.4 Long Blades
 - Level 1.9 Armour
 - Level 6.0 Dodging
 - Level 4.8 Spellcasting
 - Level 3.1 Conjurations
 - Level 3.6 Hexes
 - Level 4.5 Poison Magic
 - Level 3.2 Evocations


You had 10 spell levels left.
You knew the following spells:

 Your Spells              Type           Power        Failure   Level  Hunger
a - Confuse               Hex            ##......     8%          3    N/A
b - Mephitic Cloud        Conj/Pois/Air  #.......     12%         3    N/A
c - Poisonous Vapours     Pois/Air       #.....       6%          2    N/A

Dungeon Overview and Level Annotations

Branches:
Dungeon (10/15)            Temple (0/1) D:5            Lair (0/6) D:10
    Orc (0/2) D:9

Altars:
Ashenzari
Elyvilon
Hepliaklqana
Kikubaaqudgha
Makhleb
Nemelex Xobeh
Trog
Uskayaw
Wu Jian
Xom

Shops:
D:9 *[


Innate Abilities, Weirdness & Mutations

You do not eat or drink.
Your flesh is vulnerable to fire.
You are immune to poison.
Your flesh is cold resistant. (rC+)
You are immune to negative energy. (rN+++)
You are immune to unholy pain and torment.
You can survive without breathing.


Message History

Press: ? - help, Shift-Dir - straight line, f/p - yak
Aim: a yak (moderately wounded)
The ball explodes into a vile cloud!
The stinking cloud engulfs the yak.
The yak is moderately wounded.
The stinking cloud engulfs you!
The stinking cloud engulfs the yak.
You hear a shout! x3
The yak is engulfed in noxious fumes.
The yak appears confused.
The yak barely misses you.
Unknown command.
Unknown command.
The yak is engulfed in noxious fumes.
The yak appears confused.
An orc comes into view. It is wielding a club.
The yak gores you but does no damage.
The yak seems less confused.
The yak gores you!
* * * LOW HITPOINT WARNING * * *
The yak gores you.
* * * LOW HITPOINT WARNING * * *
The yak seems less confused.
The yak gores you!
You die...
Xom chortles!

..... . #...# #. #...# #...#
#...# #...# # # #...# #
#.#############...###########
###%..........@...............#
.......o..Y..Y................#
####........<(((..............#
#..#################.#######
#.. #.# #. #.# ..
#######.####### ..
............{.. ..o
...............


You could see 2 yaks and an orc.

Vanquished Creatures
  A two-headed ogre (D:8)
  An ugly thing (D:9)
  A komodo dragon (D:10)
  Prince Ribbit (D:9)
  6 yaks
  Menkaure (D:5)
  Edmund (D:4)
  3 orc warriors (D:10)
  3 ice beasts
  2 phantoms
  2 necrophages (D:5)
  3 ogres
  3 centaurs
  2 big kobolds
  3 bullfrogs
  3 scorpions
  5 killer bees
  2 wights (D:6)
  2 howler monkeys
  2 crimson imps
  3 hounds
  3 orc priests
  A centaur skeleton (D:8)
  A jelly (D:8)
  3 orc wizards
  Natasha (twice) (D:2)
  8 worker ants
  6 mummies (Ossuary)
  A hound skeleton (D:8)
  A worker ant zombie (D:5)
  9 gnolls
  A howler monkey skeleton (D:5)
  6 adders
  4 adder skeletons
  A dart slug (D:1)
  5 leopard geckos
  34 orcs
  4 bats
  4 giant cockroaches
  6 goblins
  7 hobgoblins
  13 jackals
  2 quokkas
  A ball python (D:3)
  A ball python (shapeshifter) (D:2)
  4 frilled lizards
  A gnoll zombie (Ossuary)
  A hobgoblin zombie (Ossuary)
  A jackal skeleton (D:5)
  19 kobolds
  2 kobold zombies (Ossuary)
  4 orc zombies (Ossuary)
  4 rats
  A plant (D:10)
211 creatures vanquished.

Vanquished Creatures (collateral kills)
  Pikel (D:4)
  Joseph (D:7)
  An ice beast (D:8)
  A killer bee (D:8)
  2 ogres (D:4)
  A howler monkey (D:5)
  A quasit (D:9)
  An orc wizard (D:4)
  A hound (D:4)
  An orc priest (D:6)
  A centaur skeleton (D:4)
  A hound skeleton (D:8)
  2 mummies (Ossuary)
  An adder (D:9)
  A leopard gecko (D:8)
  An orc (D:8)
18 creatures vanquished.

Vanquished Creatures (others)
  2 killer bees
  A wight (D:6)
  A hound (D:9)
  A giant cockroach (D:4)
  6 plants (D:10)
11 creatures vanquished.

Grand Total: 240 creatures vanquished

Notes
Turn   | Place    | Note
-------+----------+-------------------------------------------
     0 | D:1      | Lavandula the Mummy Chaos Knight began the quest for the Orb.
     0 | D:1      | Reached XP level 1. HP: 18/18 MP: 1/1
   194 | D:1      | Reached XP level 2. HP: 24/24 MP: 2/2
   222 | D:1      | Reached skill level 3 in Long Blades
   321 | D:1      | XOM: harmless Fire miscast
   781 | D:2      | Found a burning altar of Makhleb.
   787 | D:2      | Found a bloodstained altar of Trog.
   787 | D:2      | Found an ancient bone altar of Kikubaaqudgha.
   787 | D:2      | Found a shattered altar of Ashenzari.
   788 | D:2      | Found an ornate altar of the Wu Jian Council.
   789 | D:2      | Found a shimmering altar of Xom.
   923 | D:2      | Reached XP level 3. HP: 29/29 MP: 3/3
   991 | D:2      | Noticed Natasha
   996 | D:2      | Killed Natasha
  1002 | D:2      | Reached skill level 4 in Long Blades
  1213 | D:2      | Reached XP level 4. HP: 32/35 MP: 4/4
  1381 | D:2      | XOM: divination: magic mapping
  1474 | D:2      | XOM: divination: detect creatures
  1691 | D:2      | Noticed Natasha
  1697 | D:2      | Killed Natasha
  1907 | D:3      | XOM: silly message
  1925 | D:3      | XOM: divination: detect items
  2027 | D:3      | Reached XP level 5. HP: 33/41 MP: 5/5
  2366 | D:3      | Learned a level 3 spell: Confuse
  2386 | D:4      | Reached skill level 5 in Long Blades
  2398 | D:4      | Reached skill level 1 in Dodging
  2406 | D:4      | Noticed Edmund
  2411 | D:4      | XOM: potion effect (agility)
  2422 | D:4      | Killed Edmund
  2422 | D:4      | Reached XP level 6. HP: 39/47 MP: 6/6
  2446 | D:4      | Noticed Ijyb
  2449 | D:4      | XOM: cast spell 'Cause Fear'
  2468 | D:4      | Noticed Ijyb
  2468 | D:4      | Ijyb changed into Ijyb the orc
  2470 | D:4      | Killed Ijyb the orc
  2526 | D:4      | XOM: enchant monster (bad)
  2548 | D:4      | XOM: cloud trail
  2799 | D:4      | XOM: noise
  2848 | D:3      | XOM: divination: detect items
  3154 | D:4      | Reached skill level 6 in Long Blades
  3170 | D:4      | Found a sparkling altar of Nemelex Xobeh.
  3216 | D:4      | Noticed Pikel
  3216 | D:4      | Noticed a slave
  3218 | D:4      | Noticed a slave
  3222 | D:4      | Killed Pikel
  3222 | D:4      | Reached XP level 7. HP: 48/52 MP: 7/7
  3418 | D:5      | Entered Level 5 of the Dungeon
  3448 | D:5      | Found a white marble altar of Elyvilon.
  3448 | D:5      | Noticed Menkaure
  3451 | D:5      | Killed Menkaure
  3451 | D:5      | Reached skill level 1 in Evocations
  3463 | D:5      | XOM: scenery: create altars
  3604 | D:5      | XOM: god gift: 31 gold pieces
  3607 | D:5      | XOM: summons friendly white imp
  3613 | D:5      | XOM: divination: detect items
  3627 | D:5      | Reached XP level 8. HP: 48/58 MP: 8/10
  3663 | D:5      | XOM: god gift: pair of gloves {god gift}
  3716 | D:5      | XOM: scenery: create altars
  3735 | D:5      | Reached skill level 7 in Long Blades
  4080 | D:5      | XOM: cloud trail
  4566 | D:5      | Found a staircase to the Ecumenical Temple.
  4727 | D:6      | Found a hide-covered altar of Uskayaw.
  4743 | D:5      | Reached skill level 8 in Long Blades
  4807 | D:5      | XOM: scenery: create altars
  5068 | D:6      | Found a sand-covered staircase.
  5074 | Ossuary  | Entered an ossuary
  5131 | Ossuary  | XOM: god gift: 14 gold pieces
  5325 | Ossuary  | XOM: 10-stop teleportation journey
  5365 | Ossuary  | XOM: scenery: 1 doors close
  5687 | Ossuary  | XOM: cloud trail
  5749 | D:6      | Found a shattered altar of Ashenzari.
  5749 | D:6      | XOM: 7-stop teleportation journey
  5761 | D:6      | Found a hazy altar of Hepliaklqana.
  6000 | D:6      | XOM: divine lightning
  6006 | D:6      | Reached skill level 9 in Long Blades
  6322 | D:6      | XOM: summons friendly quasit
  6327 | D:6      | XOM: polymorph quasit -> iron imp
  6334 | D:6      | Reached XP level 9. HP: 17/63 MP: 11/11
  7135 | D:7      | XOM: divination: detect items
  7139 | D:7      | XOM: potion effect (brilliance)
  7171 | D:7      | Reached skill level 1 in Spellcasting
  7447 | D:7      | XOM: summons friendly quasit
  7452 | D:7      | Reached skill level 1 in Hexes
  7607 | D:7      | Noticed Joseph
  7616 | D:7      | XOM: silly message
  7627 | D:7      | Killed Joseph
  8246 | D:7      | XOM: cast spell 'Summon Small Mammal'
  8323 | D:8      | XOM: harmless Pois miscast
  8536 | D:8      | XOM: summons 8 friendly demons
  8581 | D:8      | XOM: harmless Summ miscast
  8613 | D:8      | Learned a level 3 spell: Mephitic Cloud
  8616 | D:8      | Learned a level 2 spell: Poisonous Vapours
  8701 | D:8      | Reached skill level 1 in Poison Magic
  9013 | D:8      | Noticed a two-headed ogre
  9016 | D:8      | XOM: scenery: create altars
  9022 | D:8      | XOM: fog
  9090 | D:8      | XOM: divination: detect items
  9098 | D:8      | Killed a two-headed ogre
  9098 | D:8      | Reached XP level 10. HP: 66/70 MP: 7/17
  9174 | D:9      | XOM: noise
  9210 | D:9      | Noticed Prince Ribbit
  9225 | D:9      | Killed Prince Ribbit
  9225 | D:9      | Reached skill level 1 in Conjurations
  9234 | D:9      | XOM: mild Air miscast
  9283 | D:9      | XOM: mild Tmut miscast
  9406 | D:9      | Found a staircase to the Orcish Mines.
  9504 | D:9      | Found Lotoer's Armour Shop.
  9513 | D:9      | Bought a +1 troll leather armour for 220 gold pieces
  9523 | D:9      | Bought the +1 ring mail of Pathos {rPois rF++ rC+ Stlth+} for 475 gold pieces
  9535 | D:9      | XOM: enchant monster (good)
  9557 | D:9      | XOM: enchant monster (good)
  9577 | D:9      | Found Uklo's General Store.
  9593 | D:9      | XOM: confuse monster(s)
  9594 | D:9      | XOM: cast spell 'Olgreb's Toxic Radiance'
  9627 | D:9      | XOM: god gift: meat ration
  9668 | D:9      | XOM: scenery: create altars
  9676 | D:9      | Bought a scroll of blinking for 82 gold pieces
  9727 | D:9      | XOM: cloud trail
  9943 | D:10     | Entered Level 10 of the Dungeon
  9943 | D:10     | Noticed a purple ugly thing
  9958 | D:9      | Killed a purple ugly thing
 10070 | D:9      | XOM: summons friendly quasit
 10209 | D:10     | XOM: scenery: create altars
 10213 | D:10     | XOM: scenery: create altars
 10219 | D:10     | Reached skill level 5 in Dodging
 10410 | D:10     | Found a staircase to the Lair.
 10410 | D:10     | XOM: swap monsters
 10654 | D:10     | XOM: polymorph yak -> blink frog
 10661 | D:10     | XOM: summons 3 friendly demons
 10665 | D:10     | Noticed a salamander
 10666 | D:10     | Noticed an elephant
 10666 | D:10     | a salamander changed into an elephant
 10667 | D:10     | XOM: polymorph shadow imp -> quasit
 10679 | D:10     | XOM: silly message
 10745 | D:9      | XOM: butterfly on damage
 10838 | D:9      | XOM: polymorph orc warrior -> bullfrog
 10852 | D:9      | XOM: god gift: metallic golden potion {god gift}
 10865 | D:10     | XOM: enchant monster (good)
 10895 | D:10     | Slain by a yak

Vault maps used:
D:1:      mrwooster_arrival_arrow
D:2:      minitemple, first_bread, uniq_natasha
D:4:      nemelex_xobeh_ov_fountains_minmay, uniq_pikel, uniq_edmund, uniq_ijyb
D:5:      old_standard_altar, minmay_temple_entry_statues_pillars,
          kennysheep_dice, uniq_menkaure
D:6:      kennysheep_mini, eat_drink_and_be_merry_uskayaw,
          nicolae_ossuary_entry_plus, ashenzari_altar_1
D:7:      uniq_joseph
D:9:      orc_0_dummy, serial_shops, shop, shop, uniq_prince_ribbit1
D:10:     david_lair_shrubbed, serial_shops, shop, special_room
Ossuary:  ossuary_tomb_3

Skill      XL: |  1  2  3  4  5  6  7  8  9 10 |
---------------+-------------------------------+-----
Long Blades    | 3 4 5 6 9 |  9.4
Dodging        | 2 3 6 |  6.0
Evocations     | 3 |  3.2
Spellcasting   | 4 |  4.8
Hexes          | 3 |  3.6
Poison Magic   | 4 |  4.5
Conjurations   | 3 |  3.1
Fighting       | |  3.0
Armour         | |  1.9

Action                   |  1- 3 |  4- 6 |  7- 9 | 10-12 || total
-------------------------+-------+-------+-------+-------++-------
Melee: Falchion          |    76 |   180 |   403 |   227 ||   886
 Cast: Poisonous Vapours |       |       |     7 |     2 ||     9
       Mephitic Cloud    |       |       |       |     5 ||     5
Evoke: Wand              |       |       |     9 |     9 ||    18
  Use: Scroll            |       |       |    12 |     3 ||    15
 Stab: Sleeping          |       |     1 |       |       ||     1
       Distracted        |       |       |     1 |     1 ||     2
       Confused          |       |       |     7 |     7 ||    14
       Paralysed         |       |       |     6 |       ||     6
       Petrified         |       |       |       |    11 ||    11
Armor: Leather armour    |    32 |    61 |   104 |     5 ||   202
       Scale mail        |       |     7 |       |       ||     7
       Troll leather arm |       |       |       |    66 ||    66
Dodge: Dodged            |    53 |   119 |   219 |   135 ||   526
       Rpst.: Falchion   |    19 |    36 |    64 |    32 ||   151

Table legend:
 A = Spawn XP
 B = Non-spawn XP
 C = Spawn XP percentage of total XP
 D = Spawn monster count
 E = Non-spawn monster count
 F = Spawn count percentage of total count
 G = Total turns spent on level
                    A         B        C        D         E        F      G
               +---------+---------+-------+---------+---------+-------+---------
         Total |       0 |    9512 |   0.0 |       0 |     230 |   0.0 | 10895
               +---------+---------+-------+---------+---------+-------+---------
           D:1 |       0 |      26 |   0.0 |       0 |      15 |   0.0 |   781
           D:2 |       0 |     131 |   0.0 |       0 |      21 |   0.0 |  1032
           D:3 |       0 |      94 |   0.0 |       0 |      28 |   0.0 |   867
           D:4 |       0 |     826 |   0.0 |       0 |      22 |   0.0 |   738
           D:5 |       0 |    1055 |   0.0 |       0 |      26 |   0.0 |  1786
           D:6 |       0 |     655 |   0.0 |       0 |      19 |   0.0 |  1182
           D:7 |       0 |    1042 |   0.0 |       0 |      14 |   0.0 |  1398
           D:8 |       0 |    1643 |   0.0 |       0 |      24 |   0.0 |   813
           D:9 |       0 |    2391 |   0.0 |       0 |      18 |   0.0 |  1052
          D:10 |       0 |    1535 |   0.0 |       0 |      27 |   0.0 |   587
       Ossuary |       0 |     114 |   0.0 |       0 |      16 |   0.0 |   659
               +---------+---------+-------+---------+---------+-------+---------
